 Dungeon Crawl Stone Soup version 0.26-a0-660-gc07710193c (webtiles) character file.

Game seed: 15692909169517108530

118 flotson the Sneak (level 5, -3/53 HPs)
             Began as an Ogre Brigand on Oct 8, 2020.
             Slain by an orc wizard
             ... wielding a +0 club
              (5 damage)
             ... on level 1 of the Dungeon.
             The game lasted 00:03:00 (2539 turns).

flotson the Sneak (Ogre Brigand)                    Turns: 2539, Time: 00:03:00

Health: -3/53      AC:  4    Str: 16    XL:     5   Next: 2%
Magic:  5/5        EV: 10    Int: 12    God:
Gold:   77         SH:  0    Dex: 10    Spells: 4/4 levels left

rFire    . . .     SeeInvis .   a - +2 dagger
rCold    . . .     Faith    .   (no shield)
rNeg     . . .     Spirit   .   b - +0 robe
rPois    .         Reflect  .   (helmet restricted)
rElec    .         Harm     .   c - +0 cloak
rCorr    .         Rampage  .   (gloves unavailable)
MR       .....                  (boots unavailable)
Stlth    ++........             (no amulet)
HPRegen  0.17/turn              (no ring)
MPRegen  0.09/turn              (no ring)

@: hasted, very quick
A: large, unfitting armour, tough skin 1
a: no special abilities


You were on level 1 of the Dungeon.
You visited 1 branch of the dungeon, and saw 2 of its levels.

You collected 77 gold pieces.

Inventory:

Hand Weapons
 a - a +2 dagger (weapon)
Missiles
 d - 4 poisoned darts (quivered)
 e - a curare-tipped dart
Armour
 b - a +0 robe (worn)
 c - a +0 cloak (worn)
Scrolls
 f - 2 scrolls of remove curse {unknown}
 g - 2 scrolls of immolation {unknown}
 j - 2 scrolls of magic mapping {unknown}
 k - 4 scrolls of identify {unknown}
 m - a scroll of noise {unknown}
Potions
 h - a potion of haste
 i - a potion of curing


   Skills:
 + Level 3.5 Fighting
 + Level 2.6 Short Blades
 + Level 2.4 Throwing
 + Level 1.6 Dodging
 + Level 3.8 Stealth


You had 4 spell levels left.
You didn't know any spells.
Your spell library was empty.

Dungeon Overview and Level Annotations

Branches:
Dungeon (2/15)

Altars:


Innate Abilities, Weirdness & Mutations

You are too large for most types of armour.
You have tough skin. (AC +1)


Message History

You hit the orc wizard.
The orc wizard is heavily wounded.
The orc wizard hits you with a +0 club.
* * * LOW HITPOINT WARNING * * *
You hit the orc wizard.
The orc wizard is heavily wounded.
You kill the orc!
The orc wizard hits you with a +0 club.
* * * LOW HITPOINT WARNING * * *
You hit the orc wizard.
The orc wizard is severely wounded.
The orc wizard barely misses you.
You hit the orc wizard.
The orc wizard is severely wounded.
The orc wizard hits you with a +0 club.
* * * LOW HITPOINT WARNING * * *
You closely miss the orc wizard.
The orc wizard is severely wounded.
The orc wizard hits you with a +0 club.
You die...

..###...#####...###..............
#.# ##.........## #.......#.#....
#.####+#######'####.##.##.#.#....
...)........................#....
##.#########...##.#.##.##.#.#....
...........>...##.#.##.##.#.#....
##..#########..##.#.##.##.#.#....
##..####.....((##.#.##...........
..............>o@.........#.#....
##..###.......###...(.)..........
##..###.#######..................
##..............#.#.####..#.#...#
##.#........###.#.#.# #..#.#...#
##.#........# #.#.### #..#.#....
##.#........###.#.# #..#.#....
............+.....# #..#.#....
##.#........###.#.######..#......


You could see an orc wizard (fast).

Vanquished Creatures
  An orc wizard (D:2)
  3 gnolls (D:2)
  2 adders
  2 oozes (D:2)
  A worm (D:2)
  A leopard gecko (D:2)
  2 orcs
  4 giant cockroaches
  5 hobgoblins
  2 bats
  2 frilled lizards
  3 goblins
  6 kobolds
  2 rats
36 creatures vanquished.

Notes
Turn   | Place    | Note
-------+----------+-------------------------------------------
     0 | D:1      | flotson the Ogre Brigand began the quest for the Orb.
     0 | D:1      | Reached XP level 1. HP: 22/22 MP: 1/1
   314 | D:1      | Reached skill level 1 in Dodging
   353 | D:1      | Reached XP level 2. HP: 28/29 MP: 2/2
  1256 | D:2      | Reached XP level 3. HP: 14/37 MP: 3/3
  1635 | D:2      | Reached XP level 4. HP: 21/45 MP: 4/4
  1860 | D:2      | HP: 1/45 [gnoll/+0 flail (12)]
  2503 | D:2      | Reached XP level 5. HP: 53/53 MP: 5/5
  2538 | D:1      | HP: 2/53 [orc wizard/+0 club (3)]
  2539 | D:1      | Slain by an orc wizard

Illustrated notes

Levels and vault maps discovered:
D:1:      roderic_octagonal_star, layout_basic, hangedman_decor_push
D:2:      layout_rooms

Skill      XL: |  1  2 |
---------------+-------+-----
Stealth        | 3 |  3.8
Dodging        | 1 |  1.6
Fighting       | 3 |  3.5
Short Blades   | 2 |  2.6
Throwing       | |  2.4

Action                   |  1- 3 |  4- 6 || total
-------------------------+-------+-------++-------
Melee: Dagger            |    82 |    70 ||   152
Throw: Dart              |     4 |    12 ||    16
  Use: Potion            |       |     4 ||     4
 Stab: Sleeping          |     2 |     1 ||     3
Armor: Robe              |    25 |    10 ||    35
Dodge: Dodged            |    29 |    31 ||    60

Table legend: (Time is in decaauts)
 A = Elapsed time spent in this place.
 B = Non-inter-level travel time spent in this place.
 C = Inter-level travel time spent in this place.
 D = Time resting spent in this place.
 E = Time spent auto-exploring this place.
 F = Levels seen in this place.
 G = Mean time per level.
                   A        B        C        D        E       F      G
               +--------+--------+--------+--------+--------+-----+--------+
         Total |   2520 |   2492 |     28 |    797 |   1364 |   2 | 1260.0 |
       Dungeon |   2520 |   2492 |     28 |    797 |   1364 |   2 | 1260.0 |
               +--------+--------+--------+--------+--------+-----+--------+

Top non-repeatable levels by time:
     D:1: 1614 daAuts
     D:2: 905 daAuts
